 Dungeon Crawl Stone Soup version 0.30-a0-365-ge7f957f1db (webtiles) character file.

Game seed: 4141287756591319430

1711 RascalDebosk the Magician (level 9, -3/62 HPs)
             Began as a Djinni Conjurer on Nov 16, 2022.
             Was an Initiate of Ashenzari.
             Killed from afar by an orc wizard (9 damage)
             ... with a magic dart
             ... on level 6 of the Dungeon.
             The game lasted 00:45:04 (4791 turns).

RascalDebosk the Magician (Djinni Conjurer)         Turns: 4791, Time: 00:45:05

Health: -3/62      AC:  7    Str: 10    XL:     9   Next: 24%
Gold:   84         EV: 15    Int: 27    God:    Ashenzari [......] SH:  0 Dex: 23

rFire   + + .      SeeInvis .    z - +0 short sword (flame)
rCold   x . .      Faith    .    (no shield)
rNeg    . . .      Spirit   .    r - +4 robe of Augmentation {Str+4 Int+4 Dex+4}
rPois   ∞          Reflect  .    (no helmet)
rElec   .          Harm     .    (no cloak)
rCorr   .          Rampage  .    m - +0 pair of gloves
Will    +....                    (boots unavailable)
Stlth   ++........               (no amulet)
HPRegen 0.30/turn                i - +6 ring of dexterity
MPRegen 0.00/turn                u - ring of willpower

@: flying, very slightly contaminated
A: sickness immunity, fire resistance 2, cold vulnerability 1, float, innate
caster, HP casting, extra vitality 1
a: Renounce Religion, Curse Item


You were on level 6 of the Dungeon.
You worshipped Ashenzari.
Ashenzari was noncommittal.
You visited 2 branches of the dungeon, and saw 7 of its levels.

You collected 293 gold pieces.
You spent 209 gold pieces at shops.

Inventory:

Hand Weapons
 v - a +0 long sword
 z - a +0 short sword of flaming (weapon)
Armour
 m - a +0 pair of gloves (worn)
 r - the +4 robe of Augmentation (worn) {Str+4 Int+4 Dex+4}
   (You found it on level 2 of the Dungeon)

   Str:       It affects your strength (+4).
   Int:       It affects your intelligence (+4).
   Dex:       It affects your dexterity (+4).
Jewellery
 i - a +6 ring of dexterity (left hand)
 q - a +6 ring of strength
 u - a ring of willpower (right hand)
 D - a +6 ring of strength
Wands
 s - a wand of iceblast (10)
 A - a wand of flame (23)
Scrolls
 a - a scroll of silence {unknown}
 d - 2 scrolls of magic mapping {unknown}
 e - 3 scrolls of summoning
 f - a scroll of vulnerability {unknown}
 h - 4 scrolls of teleportation {unknown}
 j - a scroll of immolation {unknown}
 l - 3 scrolls of amnesia {unknown}
 t - a scroll of blinking {unknown}
 w - a scroll of enchant armour {unknown}
 x - a scroll of poison {unknown}
 y - a scroll of torment {unknown}
Potions
 b - a potion of haste {unknown}
 c - 2 potions of might
 g - 3 potions of curing
 k - 4 potions of brilliance
 n - a potion of flight {unknown}
 o - a potion of attraction {unknown}
 p - 3 potions of heal wounds
 B - a potion of mutation
 C - a potion of lignification


   Skills:
 + Level 4.2 Fighting
 - Level 1.2 Armour
 + Level 5.0 Dodging
 - Level 1.5 Stealth
 * Level 7.9 Spellcasting


You couldn't memorise any spells.
You knew the following spells:

 Your Spells              Type           Power      Damage    Failure   Level
a - Magic Dart            Conj           100%       1d8       1%          1
b - Searing Ray           Conj           100%       2d8       1%          2
c - Dazzling Flash        Conj/Hex       100%       N/A       1%          3
d - Fulminant Prism       Conj/Hex       26%        3d14      1%          4
e - Iskenderun's Mystic   Conj/Tloc      52%        2d11      1%          4
f - Sandblast             Erth           100%       2d20      1%          1
g - Ensorcelled Hibernat  Hex/Ice        100%       N/A       1%          2
h - Confusing Touch       Hex            52%        N/A       1%          3
i - Kindle Blastsparks    Fire/Tloc/Air  100%       2d18      1%          3
Your spell library was empty.

Dungeon Overview and Level Annotations

Branches:
Dungeon (6/15)             Temple (1/1) D:4

Altars:
Ashenzari
Cheibriados
Elyvilon
Fedhas
Gozag
Hepliaklqana
Makhleb
Nemelex Xobeh
Qazlal
Ru
Xom
Yredelemnul
Zin
The Shining One

Shops:
D:5 !

Annotations:
D:6 1 transporter


Innate Abilities, Weirdness & Mutations

You are immune to sickness and miasma.
You are immune to poison.
Your flesh is very heat resistant. (rF++)
You are vulnerable to cold. (rC-)
You float through the air rather than walking.
You learn spells naturally, not from books.
Your magical power is your life essence.
You have superior vitality. (+4 MHP)


Message History

You are knocked back by the blast.
You hear a shout!
You hear an angry hiss.
The orc wizard gestures at you while chanting.
The magic dart hits you.
An orc comes into view. It is wielding a +0 club.
Things that are here:
a +0 short sword; 6 poisoned darts
Casting: Kindle Blastsparks (safe; 1% risk of failure)
Confirm with . or Enter, or press ? or * to list all spells.
A cloud of volatile blastsparks flares up around you!
An orc comes into view. It is wielding a +0 war axe.
The cloud of blastsparks explodes!
The concussive blast engulfs the orc wizard.
The orc wizard is heavily wounded.
Something unseen opens the door.
You hear a shout!
You hear an angry hiss. x2
Casting: Kindle Blastsparks (safe; 1% risk of failure)
Confirm with . or Enter, or press ? or * to list all spells.
Aiming: Ensorcelled Hibernation (safe; 1% risk of failure)
Press: ? - help, Shift-Dir - straight line, f - orc wizard
Aim: an orc wizard, wielding a +0 dagger and wearing a +0 robe (heavily wounded, chance to affect: 71%)
The orc wizard looks drowsy...
An orc wizard comes into view. It is wielding a +0 dagger.
The helpless orc wizard fails to defend itself.
You puncture the orc wizard! You burn the orc wizard.
The orc wizard is almost dead.
Casting: Ensorcelled Hibernation (safe; 1% risk of failure)
Confirm with . or Enter, or press ? or * to list all spells.
You erupt in a blast of force!
The mystic blast hits the orc!
You kill the orc!
The mystic blast hits the orc wizard.
You kill the orc wizard!
* * * LOW HITPOINT WARNING * * *
You hear a shout!
An iguana comes into view.
Your Dodging skill increases to level 5!
You hit the orc. You burn the orc.
The orc is moderately wounded.
The orc wizard gestures wildly while chanting.
The orc wizard flickers and vanishes!
Deactivating autopickup; reactivate with Ctrl-A.
The orc barely misses you.
You hit the orc but do no damage.
The orc is moderately wounded.
The orc misses you.
Casting: Iskenderun's Mystic Blast (dangerous; 1% risk of failure)
Confirm with . or Enter, or press ? or * to list all spells.
Aiming: Ensorcelled Hibernation (safe; 1% risk of failure)
Press: ? - help, Shift-Dir - straight line, f - orc
Aim: an orc, wielding a +0 war axe and wearing a +0 leather armour (moderately wounded, chance to affect: 84%)
The orc looks drowsy...
* * * LOW HITPOINT WARNING * * *
An orc comes into view. It is wielding a +0 club.
The helpless orc fails to defend itself.
You puncture the orc! You burn the orc.
You kill the orc!
An orc wizard comes into view. It is wielding a +0 dagger.
The orc wizard shouts!
An orc priest comes into view. It is wielding a +0 short sword.
The orc wizard moves out of view.
Items here: ( ))) [[ †.
Casting: Ensorcelled Hibernation (safe; 1% risk of failure)
Confirm with . or Enter, or press ? or * to list all spells.
Aiming: Fulminant Prism (dangerous; 1% risk of failure)
Press: ? - help, Dir - move target You miscast Fulminant Prism.
You are very lightly contaminated with residual magic.
Nothing appears to happen.
* * * LOW HITPOINT WARNING * * *
The orc priest shouts!
You hear a shout!
You hear an angry hiss.
Casting: Fulminant Prism (dangerous; 1% risk of failure)
Confirm with . or Enter, or press ? or * to list all spells.
Aiming: Fulminant Prism (dangerous; 1% risk of failure)
Press: ? - help, Dir - move target You conjure a prism of explosive energy!
* * * LOW HITPOINT WARNING * * *
A fulminant prism comes into view.
An orc comes into view. It is wielding a +0 dagger.
The kobold hits your fulminant prism but does no damage.
Something hits you.
* * * LOW HITPOINT WARNING * * *
Casting: Fulminant Prism (dangerous; 1% risk of failure)
Confirm with . or Enter, or press ? or * to list all spells.
Aiming: Fulminant Prism (dangerous; 1% risk of failure)
Press: ? - help, Dir - move target You conjure a prism of explosive energy!
* * * LOW HITPOINT WARNING * * *
A fulminant prism comes into view.
The kobold hits your fulminant prism with a +0 whip.
Something hits you but does no damage.
The orc priest hits your fulminant prism with a +0 short sword.
Your fulminant prism crackles loudly.
The kobold hits your fulminant prism with a +0 whip.
The orc priest mumbles some strange prayers to Beogh against you.
Beogh smites you!
* * * LOW HITPOINT WARNING * * *
You hear some strange, mumbled words.
A magic dart appears from out of thin air!
The magic dart hits you!
You die...

#...##....# #### o
#...##....# ....
.##...##....#
####.Ko#...##....#
#P8#)#*#...##....#######
#..#.).#.........'......
+/©#©..#o.*##....#######
#..#..o#{..##....#
#.@l...#....#
#####.......# #.......#
#.......# .......##
........ ....


You could see an iguana, an orc priest, an orc wizard, 2 orcs, a kobold (ally
target) and 2 friendly fulminant prisms.

Vanquished Creatures
  Sigmund (D:4)
  Eustachio (D:4)
  A water moccasin (D:3)
  2 ice beasts
  An ogre (D:6)
  A black bear (D:5)
  A kobold brigand (D:6)
  Blork the orc (D:6)
  4 necrophages (D:4)
  3 scorpions (D:5)
  A hound (D:4)
  2 orc priests
  A jelly (D:4)
  2 iguanas
  2 orc wizards (D:6)
  A scorpion zombie (D:4)
  A howler monkey zombie (D:4)
  5 adders
  An ufetubus (D:5)
  A worm (D:3)
  4 dart slugs
  9 orcs
  11 endoplasms
  4 giant cockroaches
  2 goblins
  6 hobgoblins
  5 quokkas
  6 ball pythons
  8 bats
  5 frilled lizards
  A jackal zombie (D:4)
  15 kobolds
  8 rats
117 creatures vanquished.

Vanquished Creatures (others)
  10 fulminant prisms
  12 plants
22 creatures vanquished.

Grand Total: 139 creatures vanquished

Notes
Turn   | Place    | Note
-------+----------+-------------------------------------------
     0 | D:1      | RascalDebosk the Djinni Conjurer began the quest for the
                  | Orb.
     0 | D:1      | RascalDebosk set off with the following spells memorised:
                  | Magic Dart, Searing Ray, Dazzling Flash, Fulminant Prism,
                  | Iskenderun's Mystic Blast.
     0 | D:1      | Reached XP level 1. HP: 15/15 MP: 0/0
   265 | D:1      | Reached XP level 2. HP: 15/21 MP: 0/0
   728 | D:1      | Reached XP level 3. HP: 25/25 MP: 0/0
   728 | D:1      | Learned a level 1 spell: Sandblast
  1021 | D:2      | Reached skill level 4 in Spellcasting
  1075 | D:2      | Found a sparkling altar of Nemelex Xobeh.
  1236 | D:2      | Found the +4 robe of Augmentation {Str+4 Int+4 Dex+4}
  1449 | D:2      | Reached XP level 4. HP: 28/31 MP: 0/0
  1809 | D:3      | Reached XP level 5. HP: 20/35 MP: 0/0
  1809 | D:3      | Learned a level 2 spell: Ensorcelled Hibernation
  1969 | D:3      | Noticed a water moccasin
  1979 | D:3      | Killed a water moccasin
  1980 | D:3      | Reached skill level 5 in Spellcasting
  1980 | D:3      | Reached XP level 6. HP: 20/40 MP: 0/0
  2372 | D:4      | Found a white marble altar of Elyvilon.
  2456 | D:4      | Noticed Sigmund
  2464 | D:4      | Killed Sigmund
  2465 | D:4      | Reached skill level 6 in Spellcasting
  2465 | D:4      | Reached XP level 7. HP: 35/45 MP: 0/0
  2465 | D:4      | Learned a level 3 spell: Confusing Touch
  2584 | D:4      | Noticed Eustachio
  2601 | D:4      | Killed Eustachio
  2602 | D:4      | Reached skill level 1 in Fighting
  2602 | D:4      | Reached skill level 1 in Armour
  2907 | D:4      | Found a staircase to the Ecumenical Temple.
  2921 | Temple   | Entered the Ecumenical Temple
  2955 | Temple   | Became a worshipper of Ashenzari the Shackled
  3475 | D:4      | Found a blossoming altar of Fedhas.
  3604 | D:4      | Reached XP level 8. HP: 31/55 MP: 0/0
  3792 | D:5      | Entered Level 5 of the Dungeon
  3799 | D:5      | Found an opulent altar of Gozag.
  3831 | D:5      | Reached skill level 7 in Spellcasting
  4058 | D:5      | Found a sparkling altar of Nemelex Xobeh.
  4204 | D:5      | Found Galyx's Distillery.
  4210 | D:5      | Bought a potion of mutation for 88 gold pieces
  4210 | D:5      | Bought a potion of heal wounds for 55 gold pieces
  4210 | D:5      | Bought a potion of lignification for 33 gold pieces
  4210 | D:5      | Bought a potion of curing for 33 gold pieces
  4614 | D:6      | Reached XP level 9. HP: 60/62 MP: 0/0
  4614 | D:6      | Learned a level 3 spell: Kindle Blastsparks
  4756 | D:6      | Found a transporter.
  4767 | D:6      | Noticed Blork the orc
  4770 | D:6      | Killed Blork the orc
  4783 | D:6      | Reached skill level 5 in Dodging
  4791 | D:6      | Killed from afar by an orc wizard

Illustrated notes

Levels and vault maps discovered:
D:1:      lightli_arrival_farm, layout_basic, minmay_hexomino_u4
D:2:      layout_rooms, basic_altar, minmay_increasing_density
D:3:      layout_rooms, kennysheep_generic_room_6
D:4:      minmay_clustersquares, layout_loops_ring,
          mainiacjoe_overflow_tiny_flanked, fedhas_altar_decomposition,
          minmay_temple_entry_stoned_glass, kennysheep_generic_room_10,
          uniq_eustachio, uniq_sigmund
D:5:      layout_rooms, nemelex_altar_shiori, mainiacjoe_overflow_brackets,
          serial_shops, shop, nicolae_titane
D:6:      gammafunk_steamed_eel, layout_basic,
          hellmonk_okawaru_the_only_friend_you_need, uniq_blork_the_orc
Temple:   hellmonk_temple_forest_ring

Skill      XL: |  1  2  3  4  5  6  7  8  9 |
---------------+----------------------------+-----
Spellcasting   | 4 5 6 7 |  7.9
Fighting       | 2 3 4 |  4.2
Armour         | 1 |  1.2
Dodging        | 3 4 5 |  5.0
Stealth        | |  1.5

Action                   |  1- 3 |  4- 6 |  7- 9 || total
-------------------------+-------+-------+-------++-------
Melee: Dagger            |     1 |       |       ||     1
       Long sword        |       |    17 |       ||    17
       Short sword       |       |    10 |    61 ||    71
       Punch             |       |     1 |     2 ||     3
 Cast: Magic Dart        |    69 |    34 |    15 ||   118
       Searing Ray       |     2 |     1 |    10 ||    13
       Fulminant Prism   |       |     4 |     8 ||    12
       Iskenderun's Myst |       |     1 |    19 ||    20
       Ensorcelled Hiber |       |    10 |    26 ||    36
       Sandblast         |       |     2 |     5 ||     7
       Confusing Touch   |       |       |     3 ||     3
       Kindle Blastspark |       |       |     3 ||     3
  Use: Scroll            |       |       |     7 ||     7
 Stab: Sleeping          |       |     8 |    19 ||    27
       Confused          |       |       |     1 ||     1
Armor: Robe              |     3 |    13 |    27 ||    43
Dodge: Dodged            |     7 |    17 |    39 ||    63

Table legend: (Time is in decaauts)
 A = Elapsed time spent in this place.
 B = Non-inter-level travel time spent in this place.
 C = Inter-level travel time spent in this place.
 D = Time resting spent in this place.
 E = Time spent auto-exploring this place.
 F = Levels seen in this place.
 G = Mean time per level.
                   A        B        C        D        E       F      G
               +--------+--------+--------+--------+--------+-----+--------+
         Total |   4797 |   4575 |    222 |    234 |   3362 |   7 |  685.3 |
       Dungeon |   4709 |   4491 |    218 |    234 |   3294 |   6 |  784.8 |
        Temple |     87 |     83 |      4 |      0 |     68 |   1 |   87.0 |
               +--------+--------+--------+--------+--------+-----+--------+

Top non-repeatable levels by time:
     D:4: 1351 daAuts
     D:1: 907 daAuts
     D:5: 816 daAuts
     D:3: 764 daAuts
     D:2: 686 daAuts
     D:6: 183 daAuts
  Temple: 87 daAuts
